 Dungeon Crawl Stone Soup version 0.23.2-1-ga50397a6bc (webtiles) character file.

Game seed: 10508673658403708492

40 LostNumber the Insei (level 3, 0/18 HPs)
             Began as a Vine Stalker Transmuter on Apr 23, 2019.
             Slain by Sigmund
             ... wielding a +0 scythe
              (8 damage)
             ... on level 2 of the Dungeon.
             The game lasted 00:04:48 (1603 turns).

LostNumber the Insei (Vine Stalker Transmuter)      Turns: 1603, Time: 00:04:49

Health: 0/18       AC:  2    Str: 12    XL:     3   Next: 50%
Magic:  0/7        EV: 19    Int: 14    God:
Gold:   94         SH:  0    Dex: 19    Spells: 0/6 levels left

rFire    . . .     SeeInvis .     - Unarmed
rCold    . . .     Gourm    .   (shield currently unavailable)
rNeg     . . .     Faith    .   (armour currently unavailable)
rPois    x         Spirit   +   (helmet currently unavailable)
rElec    .         Reflect  .   (cloak currently unavailable)
rCorr    .         Harm     .   (gloves currently unavailable)
MR       .....                  (boots currently unavailable)
Stlth    ++........             (no amulet)
HPRegen  0.06/turn              (no ring)
MPRegen  0.10/turn              (no ring)

@: spider-form (expiring)
A: tiny, magic shield, no potion heal 3, rot immunity
a: End Transformation


You were on level 2 of the Dungeon.
You were hungry.
You were a venomous arachnid creature.
You visited 1 branch of the dungeon, and saw 2 of its levels.

You collected 94 gold pieces.

Inventory:

Missiles
 a - 11 arrows
Armour
 b - a +0 robe (melded)
Scrolls
 f - a scroll of identify {unknown}
 h - a scroll of amnesia {unknown}
 i - 3 scrolls of remove curse {unknown}
Potions
 d - a potion of curing {unknown}
 g - 2 potions of haste {unknown}
Comestibles
 e - a ration {!d}


   Skills:
 + Level 1.5 Fighting
 - Level 1.5 Dodging
 * Level 3.8 Unarmed Combat
 - Level 2.1 Spellcasting
 + Level 2.5 Transmutations


You couldn't memorise any spells.
You knew the following spells:

 Your Spells              Type           Power        Failure   Level  Hunger
a - Beastly Appendage     Tmut           #.....       22%         1    #......
s - Sticks to Snakes      Tmut           #.......     28%         2    ###....
x - Spider Form           Tmut/Pois      #.........   61%         3    ###....

Your spell library contained the following spells:

 Spells                   Type           Power        Failure   Level  Hunger
 Ice Form                 Ice/Tmut       #.......     92%         4    #####..
 Blade Hands              Tmut           #.........   98%         5    ######.


Dungeon Overview and Level Annotations

Branches:
Dungeon (2/15)

Altars:
Dithmenos

Annotations:
D:2 Sigmund


Innate Abilities, Weirdness & Mutations

((You have extremely sharp teeth.))
When hurt, damage is shared between your health and your magic reserves.
((Your bite disrupts and absorbs the magic of your enemies.))
Potions cannot restore your health.
You are immune to rotting.


Message History

Unknown command.
You hit the gnoll.
The gnoll is poisoned.
The gnoll completely misses you.
You barely miss the gnoll. The gnoll barely misses you.
You bite the gnoll!
You kill the gnoll!
No target in view!
No target in view!
Your transformation is almost over.
You see here a +0 flail.
You start resting.
Your transformation has ended.
Your +0 robe unmelds from your body.
Unknown command.
You start resting.
Your magical contamination has completely faded away.
You are feeling hungry.
Found a stone staircase leading up.
Unknown command.
There is a stone staircase leading up here.
Found a ration.
Sigmund the Dreaded comes into view.
He is wielding a +0 scythe.
You see here a ration {!d}.
You turn into a venomous arachnid creature.
Your +0 robe melds into your body.
Your transformation is almost over.
Sigmund shouts!
You hear a shout!
You see here a ration {!d}.
A hobgoblin comes into view.
Sigmund is suddenly surrounded by pale green light.
A hobgoblin comes into view. It is wielding a +0 club.
Sigmund misses you.
Found 2 purple potions.
You hit Sigmund but do no damage.
Sigmund is poisoned.
The hobgoblin misses you. Sigmund misses you.
You bite Sigmund!
Sigmund looks as sick as possible!
The hobgoblin hits you but does no damage.
You hit Sigmund.
Sigmund looks as sick as possible!
Sigmund casts a spell at you. The puff of flame hits you.
The hobgoblin barely misses you.
You hit Sigmund but do no damage.
Sigmund looks as sick as possible!
Sigmund hits you with a +0 scythe. The hobgoblin misses you.
You hit Sigmund.
Sigmund looks as sick as possible!
The hobgoblin hits you.
* * * LOW HITPOINT WARNING * * *
Sigmund screams, "You will never...
NEVER!!!"
Sigmund hits you with a +0 scythe.
* * * LOW HITPOINT WARNING * * *
You hit Sigmund. The hobgoblin misses you.
Unknown command.
Sigmund hits you from afar with a +0 scythe!
You die...

.. .## ..# # ≈≈≈≈
..#.# .≈≈≈≈
#.#.##....≈
.!.####.#.... ...
#.....@..##.##.###
#gg....##...
####s#######.#######
#....%..............
#....#######.######
#....##....#.#
#######.##.#.#
#.##.#.###### #
#.##<#.##...# #.
#...##.##.#.# #.###
###.##.##.#.#


You could see Sigmund and 2 hobgoblins.

Vanquished Creatures
  A gnoll (D:2)
  A dart slug (D:1)
  A leopard gecko (D:1)
  6 bats (D:1)
  A giant cockroach (D:1)
  4 goblins
  3 hobgoblins (D:1)
  2 jackals (D:1)
  3 kobolds (D:1)
  2 frilled lizards
  3 rats
27 creatures vanquished.

Notes
Turn   | Place    | Note
-------+----------+-------------------------------------------
     0 | D:1      | LostNumber the Vine Stalker Transmuter began the quest for
                  | the Orb.
     0 | D:1      | Reached XP level 1. HP: 9/9 MP: 4/4
    75 | D:1      | Reached skill level 1 in Fighting
   386 | D:1      | Reached XP level 2. HP: 11/14 MP: 6/6
   599 | D:1      | Learned a level 2 spell: Sticks to Snakes
  1187 | D:1      | Reached XP level 3. HP: 16/18 MP: 5/7
  1354 | D:2      | Learned a level 3 spell: Spider Form
  1391 | D:2      | Found a shadowy altar of Dithmenos.
  1591 | D:2      | Noticed Sigmund
  1603 | D:2      | Slain by Sigmund

Skill      XL: |  1 |
---------------+----+-----
Fighting       | 1 |  1.5
Dodging        | |  1.5
Unarmed Combat | |  3.8
Spellcasting   | |  2.1
Transmutations | |  2.5

Action                   || total
-------------------------++-------
Melee: Unarmed           ||    96
       Headbutt          ||     7
       Bite              ||    14
       Kick              ||     1
 Cast: Beastly Appendage ||    14
       Sticks to Snakes  ||     1
       Spider Form       ||     2
 Stab: Sleeping          ||     1
  Eat: Chunk             ||     2
Armor: Robe              ||    29
       Skin              ||     1
Dodge: Dodged            ||    75
